 Dungeon Sprint DCSS version 0.29-a0-468-ge57f7f99b4 (webtiles) character file.

Game seed: 14057471075061484998

3225 mhtbhm the Impaler (level 10, -2/92 HPs)
             Began as a Human Berserker on May 21, 2022.
             Was a High Priest of Trog.
             Slain by a redback (13 damage)
             ... in the Dungeon (Sprint III: "The Ten Rune Challenge").
             The game lasted 00:02:29 (1507 turns).

mhtbhm the Impaler (Human Berserker)                Turns: 1507, Time: 00:02:29

Health: -2/92      AC:  6    Str: 21    XL:     10   Next: 18%
Magic:  10/10      EV: 14    Int:  8    God:    Trog [*****.]
Gold:   24         SH:  0    Dex: 13    Spells: 9/9 levels left

rFire   . . .      SeeInvis .   a - +7 spear of the Morning {flame, rElec Will+}
rCold   . . .      Faith    .   (no shield)
rNeg    . . .      Spirit   .   b - +0 ring mail
rPois   .          Reflect  .   (no helmet)
rElec   +          Harm     .   (no cloak)
rCorr   .          Rampage  .   (no gloves)
Will    +....      NoTele   +   (no boots)
Stlth   ++........              (no amulet)
HPRegen 0.25/turn               (no ring)
MPRegen 0.12/turn               (no ring)

@: lethally poisoned (-2 -> -39), on berserk cooldown, slowed, very slow
A: no striking features
a: Renounce Religion, Berserk, Trog's Hand, Brothers in Arms


You were in the Dungeon.
You worshipped Trog.
Trog was extremely pleased with you.
You visited 1 branch You collected 24 gold pieces.

Inventory:

Hand Weapons
 a - the +7 spear of the Morning (weapon) {flame, rElec Will+}
   (Trog gifted it to you in the Dungeon)

   It burns those it strikes, dealing additional fire damage.
   rElec:     It insulates you from electricity.
   Will:      It increases your willpower.
Armour
 b - a +0 ring mail (worn)
Wands
 q - a wand of polymorph (9)
Scrolls
 h - a scroll of blinking
 i - a scroll of vulnerability {unknown}
 k - a scroll of immolation {unknown}
 l - 4 scrolls of identify
 o - 3 scrolls of poison {unknown}
Potions
 c - a potion of curing
 d - 2 potions of heal wounds
 e - a potion of haste
 f - 2 potions of magic
 g - a potion of berserk rage
 j - 2 potions of mutation {unknown}
 m - 2 potions of ambrosia {unknown}
 n - 2 potions of flight {unknown}
 p - 2 potions of might
Miscellaneous
 r - a phial of floods


   Skills:
 + Level 13.0 Fighting
 + Level 15.0 Polearms
 + Level 6.6 Armour
 + Level 8.4 Dodging
 + Level 5.1 Stealth
 + Level 1.3 Evocations


You had 9 spell levels left.
You didn't know any spells.
Your spell library was empty.

Dungeon Overview and Level Annotations

Branches:
Dungeon (1/1)

Altars:
Cheibriados
Dithmenos
Elyvilon
Fedhas
Gozag
Hepliaklqana
Kikubaaqudgha
Makhleb
Nemelex Xobeh
Okawaru
Qazlal
Ru
Sif Muna
Trog
Uskayaw
Vehumet
Wu Jian
Xom
Yredelemnul
Zin
The Shining One
Beogh
Jiyva
Lugonu


Message History

Your Stealth skill increases to level 5! 2 redbacks come into view.
The redback bites you!
Items here: ! ))) [ †.
You impale the redback!!
The redback is severely wounded.
The redback closely misses you.
You hit the redback.
The redback is almost dead.
You puncture the redback!
You kill the redback!
Trog accepts your kill.
Your Fighting skill increases to level 13!
Your Polearms skill increases to level 15!
It's broken and can't be closed.
You see here the +7 spear of the Morning {flame, rElec Will+}.
You are now empty-handed.
You drop a +0 spear.
You feel a strong urge to attack something.
You are no longer berserk.
You are exhausted.
You feel yourself slow down.
a - the +7 spear of the Morning {flame, rElec Will+} The +7 spear of the Morning {flame, rElec Will+} bursts into flame!
a - the +7 spear of the Morning (weapon)
{flame, rElec Will+} The redback bites you but does no damage.
You closely miss the redback. The redback bites you.
* * * LOW HITPOINT WARNING * * *
You are lethally poisoned!
The redback poisons you!
You puncture the redback! You burn the redback.
The redback is heavily wounded.
* * * LOW HITPOINT WARNING * * *
You feel extremely sick. The redback barely misses you.
You completely miss the redback.
The redback is heavily wounded.
* * * LOW HITPOINT WARNING * * *
You feel extremely sick. The redback bites you!
You die...

__# )_# '## ..# ..# #'#
.)#+##############
..#....#.#.#.....#
..##.#.)#.##.###@#
..'##.#.#.##.#.s##
..#.).#..#..##..†.^..^^
▓▓▓▓▓▓▓▓▓▓▓▓▓▓▓▓#...^..
...s.^ ..... .^.^. ####


You could see a redback.

Vanquished Creatures
  Erolcha (D)
  A sea snake (D)
  A deep elf pyromancer (D)
  A shadow (D)
  A redback (D)
  A spatial vortex (D)
  4 two-headed ogres (D)
  A necrophage (D)
  A scorpion (D)
  A water elemental (D)
  A jelly (D)
  Jessica (D)
  A necromancer (D)
  3 humans (D)
  2 endoplasms (D)
  A rat (D)
22 creatures vanquished.

Vanquished Creatures (others)
  A wizard (D)
  A kobold demonologist (D)
2 creatures vanquished.

Grand Total: 24 creatures vanquished

Notes
Turn   | Place    | Note
-------+----------+-------------------------------------------
     0 | D        | mhtbhm the Human Berserker began the quest for the Orb.
     0 | D        | Reached XP level 1. HP: 18/18 MP: 1/1
    56 | D        | Noticed Jessica
    58 | D        | Reached ** piety under Trog
    65 | D        | Killed Jessica
    66 | D        | Reached skill level 4 in Polearms
    66 | D        | Reached XP level 2. HP: 21/26 MP: 2/2
    66 | D        | Reached XP level 3. HP: 25/31 MP: 3/3
   205 | D        | Noticed a scorpion
   216 | D        | Reached skill level 5 in Fighting
   216 | D        | Reached skill level 5 in Polearms
   222 | D        | Killed a scorpion
   223 | D        | Reached skill level 6 in Polearms
   223 | D        | Reached skill level 1 in Stealth
   223 | D        | Reached XP level 4. HP: 35/41 MP: 4/4
   223 | D        | Reached XP level 5. HP: 40/47 MP: 5/5
   361 | D        | Noticed a water elemental
   371 | D        | Killed a water elemental
   371 | D        | Reached *** piety under Trog
   372 | D        | Reached skill level 7 in Polearms
   429 | D        | Found a basalt altar of Yredelemnul.
   429 | D        | Found a shadowy altar of Dithmenos.
   429 | D        | Found a sacrificial altar of Ru.
   440 | D        | Reached skill level 8 in Polearms
   440 | D        | Reached XP level 6. HP: 56/56 MP: 6/6
   540 | D        | Found a glowing silver altar of Zin.
   540 | D        | Found a glowing golden altar of the Shining One.
   540 | D        | Found a white marble altar of Elyvilon.
   540 | D        | Noticed a deep elf pyromancer
   541 | D        | Found a hide-covered altar of Uskayaw.
   541 | D        | Found an iron altar of Okawaru.
   541 | D        | Found a bloodstained altar of Trog.
   541 | D        | Found an ornate altar of the Wu Jian Council.
   541 | D        | Noticed a human
   541 | D        | Noticed a human
   553 | D        | Killed a deep elf pyromancer
   553 | D        | Reached **** piety under Trog
   554 | D        | Reached skill level 10 in Fighting
   554 | D        | Reached skill level 11 in Polearms
   554 | D        | Reached skill level 5 in Dodging
   554 | D        | Reached XP level 7. HP: 54/66 MP: 7/7
   560 | D        | Killed a human
   561 | D        | Reached XP level 8. HP: 39/73 MP: 8/8
   567 | D        | Killed a human
   568 | D        | Reached skill level 12 in Polearms
   868 | D        | Found a radiant altar of Vehumet.
   869 | D        | Found a shimmering blue altar of Sif Muna.
   869 | D        | Found an ancient bone altar of Kikubaaqudgha.
   986 | D        | Noticed a shadow
   997 | D        | Killed a shadow
  1142 | D        | Found a blossoming altar of Fedhas.
  1142 | D        | Found a stormy altar of Qazlal.
  1142 | D        | Found a snail-covered altar of Cheibriados.
  1142 | D        | Found a burning altar of Makhleb.
  1142 | D        | Found a shimmering altar of Xom.
  1143 | D        | Found a hazy altar of Hepliaklqana.
  1143 | D        | Found an opulent altar of Gozag.
  1143 | D        | Found a sparkling altar of Nemelex Xobeh.
  1143 | D        | Found a corrupted altar of Lugonu.
  1143 | D        | Found a viscous altar of Jiyva.
  1175 | D        | Noticed a sea snake
  1175 | D        | a two-headed ogre changed into a sea snake
  1187 | D        | Killed a sea snake
  1187 | D        | Reached ***** piety under Trog
  1188 | D        | Reached skill level 13 in Polearms
  1188 | D        | Reached skill level 5 in Armour
  1188 | D        | Reached XP level 9. HP: 82/82 MP: 9/9
  1337 | D        | Noticed a two-headed ogre
  1361 | D        | Killed a two-headed ogre
  1362 | D        | Reached skill level 14 in Polearms
  1477 | D        | Noticed a two-headed ogre
  1477 | D        | Noticed Erolcha
  1487 | D        | Killed Erolcha
  1487 | D        | Identified the +7 spear of the Morning {flame, rElec Will+}
                  | (Trog gifted it to you in the Dungeon)
  1487 | D        | Received a gift from Trog
  1488 | D        | Reached skill level 1 in Evocations
  1488 | D        | Reached XP level 10. HP: 91/91 MP: 10/10
  1497 | D        | Reached skill level 5 in Stealth
  1501 | D        | Reached skill level 15 in Polearms
  1507 | D        | Slain by a redback

Illustrated notes

Levels and vault maps discovered:
D:        dungeon_sprint_mu [sprint_mu_entry_forest, sprint_mu_temple_rooms,
          sprint_mu_d1_spiders, sprint_mu_d2_genie, sprint_mu_d3_branching,
          sprint_mu_orc_legion, sprint_mu_elf_gauntlet, sprint_mu_hive_nellie,
          sprint_mu_lair_fedhas, sprint_mu_vaults_butterflies,
          sprint_mu_slime_circle, sprint_mu_swamp_cave, sprint_mu_snake_twists,
          sprint_mu_blade_basic, sprint_mu_crypt_fortress,
          sprint_mu_tomb_spiral, sprint_mu_vestibule_basic,
          sprint_mu_gehenna_hellfire, sprint_mu_dis_giant,
          sprint_mu_tartarus_statrot, sprint_mu_cocytus_islands, sprint_mu_zot1]

Skill      XL: |  1  2  3  4  5  6  7  8  9 10 |
---------------+-------------------------------+-----
Fighting       | 4 6 7 10 11 12 13 | 13.0
Polearms       | 4 6 8 11 13 14 15 | 15.0
Dodging        | 3 4 5 6 7 8 |  8.4
Armour         | 3 4 5 6 |  6.6
Stealth        | 1 2 4 5 |  5.1
Evocations     | 1 |  1.3

Action                   |  1- 3 |  4- 6 |  7- 9 | 10-12 || total
-------------------------+-------+-------+-------+-------++-------
Melee: Spear             |    25 |    28 |    83 |    15 ||   151
       Punch             |       |       |     3 |       ||     3
Invok: Berserk           |     2 |     3 |     4 |       ||     9
Evoke: Wand              |       |       |     1 |       ||     1
       Phial of floods   |       |       |     1 |       ||     1
 Stab: Sleeping          |     1 |       |     1 |       ||     2
Armor: Animal skin       |     3 |     1 |       |       ||     4
       Ring mail         |       |       |     1 |     1 ||     2
Dodge: Dodged            |     8 |    10 |    18 |     3 ||    39

Table legend: (Time is in decaauts)
 A = Elapsed time spent in this place.
 B = Non-inter-level travel time spent in this place.
 C = Inter-level travel time spent in this place.
 D = Time resting spent in this place.
 E = Time spent auto-exploring this place.
 F = Levels seen in this place.
 G = Mean time per level.
                   A        B        C        D        E       F      G
               +--------+--------+--------+--------+--------+-----+--------+
         Total |   1519 |   1519 |      0 |   1130 |     49 |   1 | 1519.0 |
       Dungeon |   1519 |   1519 |      0 |   1130 |     49 |   1 | 1519.0 |
               +--------+--------+--------+--------+--------+-----+--------+

Top non-repeatable levels by time:
       D: 1519 daAuts
